 Dungeon Crawl Stone Soup version 0.31-a0-202-g547052bce9 (webtiles) character file.

Game seed: 1747519998914684405

756 mopl the Chopper (level 7, -3/55 HPs)
             Began as a Demonspawn Fighter on June 26, 2023.
             Succumbed to an orc wizard's poison
             ... on level 5 of the Dungeon.
             The game lasted 00:04:33 (2787 turns).

mopl the Chopper (Demonspawn Fighter)               Turns: 2787, Time: 00:04:35

Health: -3/55      AC: 12    Str: 17 (18) XL:     7   Next: 50%
Magic:  7/7        EV:  8    Int:  9 (10) God:
Gold:   271        SH:  6    Dex: 11 (14) Spells: 6/6 levels left

rFire   . . .        a - +0 war axe
rCold   . . .        v - +2 buckler of Narcissism {Dex+2}
rNeg    + . .        k - +0 chain mail
rPois   .            (helmet restricted)
rElec   .            (no cloak)
rCorr   .            h - +0 pair of gloves
SInv    .            (no boots)
Will    .....        (no amulet) Stlth
                     o - ring of positive energy
HPRegen 0.29/turn    (no ring)
MPRegen 0.10/turn

%: no passive effects
@: lethally poisoned (-3 -> -15), on berserk cooldown
A: antennae 1, slimy green scales 1, spiny 1, condensation shield
a: no special abilities


You were on level 5 of the Dungeon.
You visited 1 branch of the dungeon, and saw 5 of its levels.

You collected 295 gold pieces.
You spent 24 gold pieces at shops.

Inventory:

Hand Weapons
 a - a +0 war axe (weapon)
 c - a +0 arbalest of freezing
Missiles
 e - 9 poisoned darts (quivered)
 s - 3 boomerangs
Armour
 h - a +0 pair of gloves (worn)
 k - a +0 chain mail (worn)
 v - the +2 buckler of Narcissism (worn) {Dex+2}
   (You found it on level 4 of the Dungeon)

   Dex:       It affects your dexterity (+2).
Jewellery
 o - a ring of positive energy (left hand)
Wands
 i - a wand of paralysis (7)
 t - a wand of flame (13)
 z - a wand of acid (9)
Scrolls
 b - a scroll of immolation {unknown}
 f - 7 scrolls of teleportation {unknown}
 l - a scroll of fog {unknown}
 n - a scroll of fear {unknown}
 q - 2 scrolls of enchant weapon {unknown}
 r - a scroll of blinking {unknown}
 y - a scroll of poison {unknown}
Potions
 d - 3 potions of might
 j - a potion of mutation {!q}
 x - a potion of enlightenment {unknown}


   Skills:
 + Level 4.6 Fighting
 * Level 4.7 Axes
 + Level 4.1 Armour
 + Level 2.7 Dodging
 - Level 2.6 Shields
 + Level 2.9 Evocations


You had 6 spell levels left.
You didn't know any spells.
Your spell library was empty.

Dungeon Overview and Level Annotations

Branches:
Dungeon (5/15)
 Temple: D:4-7

Altars:
Trog

Shops:
D:1 (   D:3 *   D:4 [


Innate Abilities, Weirdness & Mutations

You have a pair of small antennae on your head.
You are partially covered in slimy green scales. (AC +2)
You are partially covered in sharp spines.
A meltable shield of frost defends you. (SH +0)


Message History

* * * LOW HITPOINT WARNING * * *
You feel very sick.
The orc wizard gestures at you while chanting.
Unknown command.
You feel a strong urge to attack something.
* * * LOW HITPOINT WARNING * * *
You feel very sick.
* * * LOW HITPOINT WARNING * * *
You feel sick.
Unknown command.
You feel your anger nearly subside.
You are no longer berserk.
You are exhausted.
You feel yourself slow down.
* * * LOW HITPOINT WARNING * * *
You feel sick.
It was a potion of degeneration.
There was something very wrong with that liquid.
You feel weakened.
You feel dopey.
You feel clumsy.
* * * LOW HITPOINT WARNING * * *
You feel very sick.
The orc wizard is struck by your spines.
The orc wizard hits you with a +0 dagger.
* * * LOW HITPOINT WARNING * * *
It was a potion of lignification.
You turn into a tree.
Your +0 pair of gloves melds into your body.
Your +0 chain mail melds into your body.
Your roots penetrate the ground.
You feel less confused.
* * * LOW HITPOINT WARNING * * *
You feel sick. Something hits you but does no damage.
You are more poisoned.
The orc wizard hits you but does no damage.
It was a potion of cancellation.
Your magical effects are unravelling.
You feel magically purged.
You feel less wooden.
Your +0 pair of gloves unmelds from your body.
Your +0 chain mail unmelds from your body.
You feel yourself speed up.
You die...

######.....#
#..........#
#..........#
#..........#
#..........#
#...###....#
###...###....#
#.......#....#
#@......#....#
#o{.....#....#
+.).....#....#
##.....##....#
......##....#
..P..........#
.♣♣.....P.§...#
.. P....§§≈§#
.. '....P§≈P.


You could see an orc wizard.

Vanquished Creatures
  Grinder (D:3)
  A water moccasin (D:3)
  An ogre (D:4)
  A centaur (D:5)
  An orc priest (D:5)
  A hound (D:4)
  Ijyb (D:3)
  An iguana (D:4)
  Natasha (thrice) (D:3)
  An orc wizard (D:4)
  An adder (D:3)
  An ufetubus (D:5)
  A worm (D:3)
  10 orcs
  2 endoplasms
  4 giant cockroaches
  9 goblins
  5 hobgoblins
  7 kobolds
  A quokka (D:1)
  9 ball pythons
  6 bats
  4 frilled lizards
  3 rats
75 creatures vanquished.

Notes
Turn   | Place    | Note
-------+----------+-------------------------------------------
     0 | D:1      | mopl the Demonspawn Fighter began the quest for the Orb.
     0 | D:1      | Reached XP level 1. HP: 18/18 MP: 1/1
    69 | D:1      | Reached skill level 2 in Axes
    98 | D:1      | Gained mutation: You are partially covered in slimy green
                  | scales. (AC +2) [demonic ancestry]
    98 | D:1      | Reached XP level 2. HP: 24/24 MP: 2/2
   405 | D:1      | Found Gogi's Antique Weapon Shop.
  1285 | D:3      | Reached XP level 3. HP: 29/29 MP: 3/3
  1387 | D:3      | Noticed Natasha
  1392 | D:3      | Killed Natasha
  1393 | D:3      | Reached skill level 3 in Armour
  1393 | D:3      | Reached skill level 1 in Dodging
  1448 | D:3      | Reached XP level 4. HP: 35/35 MP: 4/4
  1532 | D:3      | Noticed Natasha
  1534 | D:3      | Found a bloodstained altar of Trog.
  1548 | D:3      | Killed Natasha
  1552 | D:3      | Reached skill level 1 in Evocations
  1613 | D:3      | Noticed a water moccasin
  1617 | D:3      | Found Okoh's General Store.
  1622 | D:3      | Killed a water moccasin
  1623 | D:3      | Reached skill level 3 in Axes
  1623 | D:3      | Gained mutation: You have a pair of small antennae on your
                  | head. [demonic ancestry]
  1623 | D:3      | Reached XP level 5. HP: 42/42 MP: 5/5
  1659 | D:3      | Bought a scroll of identify for 24 gold pieces
  1749 | D:3      | Noticed Natasha
  1754 | D:3      | Killed Natasha
  1957 | D:3      | Noticed Grinder
  1967 | D:3      | Killed Grinder
  1968 | D:3      | Reached skill level 4 in Fighting
  1968 | D:3      | Reached skill level 4 in Axes
  1968 | D:3      | Reached skill level 2 in Dodging
  1968 | D:3      | Reached skill level 2 in Evocations
  1968 | D:3      | Gained mutation: You are partially covered in sharp spines.
                  | [demonic ancestry]
  1968 | D:3      | Reached XP level 6. HP: 44/48 MP: 6/6
  1998 | D:3      | Noticed Ijyb
  2011 | D:3      | Killed Ijyb
  2170 | D:4      | Identified the +2 buckler of Narcissism {Dex+2}
  2194 | D:4      | Gained mutation: A meltable shield of frost defends you.
                  | (SH +0) [demonic ancestry]
  2194 | D:4      | Reached XP level 7. HP: 53/54 MP: 7/7
  2346 | D:4      | Reached skill level 4 in Armour
  2598 | D:4      | Found Eqixkiq's Armour Emporium.
  2747 | D:5      | Entered Level 5 of the Dungeon
  2785 | D:5      | HP: 1/55 [orc wizard/+0 dagger (2)]
  2787 | D:5      | Succumbed to an orc wizard's poison

Illustrated notes

Levels and vault maps discovered:
D:1:      saegor_arrival_fortress, layout_basic, serial_shops,
          nicolae_shop_just_a_little_nook, minmay_misc_feat_roman
D:2:      layout_loops_cross, minmay_pentomino_t2
D:3:      layout_loops_cross, trog_hazing_becter, serial_forest,
          infiniplex_forest_lined_3, infiniplex_forest_lined_room_2,
          infiniplex_forest_fountain, infiniplex_forest_end_3,
          infiniplex_forest_clump_curved, infiniplex_forest_clump_double,
          infiniplex_forest_clump_small, infiniplex_forest_side_room,
          serial_shops, shop, uniq_natasha, uniq_grinder, uniq_ijyb
D:4:      layout_basic, serial_shops, nicolae_lakefront_shop
D:5:      dreamdust_elfheim, layout_gridville, serial_demonic, serial_demonic_g,
          serial_demonic_f, serial_demonic_b, serial_demonic_g

Skill      XL: |  1  2  3  4  5  6  7 |
---------------+----------------------+-----
Axes           | 2 3 4 |  4.7
Armour         | 3 4 |  4.1
Dodging        | 1 2 |  2.7
Evocations     | 1 2 |  2.9
Fighting       | 4 |  4.6
Shields        | |  2.6

Action                     |  1- 3 |  4- 6 |  7- 9 || total
---------------------------+-------+-------+-------++-------
  Melee: War axe           |    92 |   100 |    51 ||   243
  Evoke: Wand              |       |     1 |       ||     1
    Use: Scroll            |       |     2 |     1 ||     3
         Potion            |       |       |     5 ||     5
   Stab: Paralysed         |       |     5 |       ||     5
 Armour: Scale mail        |    30 |       |       ||    30
         Chain mail        |    16 |    58 |    35 ||   109
         Skin              |       |       |     2 ||     2
  Dodge: Dodged            |    48 |    34 |    16 ||    98
  Block: Buckler           |    22 |    20 |    28 ||    70

Table legend: (Time is in decaauts)
 A = Elapsed time spent in this place.
 B = Non-inter-level travel time spent in this place.
 C = Inter-level travel time spent in this place.
 D = Time resting spent in this place.
 E = Time spent auto-exploring this place.
 F = Levels seen in this place.
 G = Mean time per level.
                   A        B        C        D        E       F      G
               +--------+--------+--------+--------+--------+-----+--------+
         Total |   2884 |   2701 |    183 |      0 |   2069 |   5 |  576.8 |
       Dungeon |   2884 |   2701 |    183 |      0 |   2069 |   5 |  576.8 |
               +--------+--------+--------+--------+--------+-----+--------+

Top non-repeatable levels by time:
     D:3: 927 daAuts
     D:1: 695 daAuts
     D:4: 611 daAuts
     D:2: 609 daAuts
     D:5: 41 daAuts
